 Dungeon Crawl Stone Soup version 0.24-a0-292-g5c6fb1cd70 (webtiles) character file.

Game seed: 3517137779271727491

11794 HAL9000 the Martial Artist (level 11, -7/81 HPs)
             Began as a Black Draconian Transmuter on May 11, 2019.
             Was a High Priest of Cheibriados.
             Mangled by a seven-headed hydra (18 damage)
             ... on level 1 of the Lair of Beasts.
             The game lasted 00:36:24 (11343 turns).

HAL9000 the Martial Artist (DrTm)                  Turns: 11343, Time: 00:36:25

Health: -7/81      AC:  2    Str: 26    XL:     11   Next: 54%
Magic:  14/17      EV: 28    Int: 32    God:    Cheibriados [*****.]
Gold:   756        SH:  0    Dex: 31    Spells: 2/18 levels left

rFire    + . .     SeeInvis .     - Unarmed
rCold    . . .     Gourm    .   (shield currently unavailable)
rNeg     . . .     Faith    .   (armour unavailable)
rPois    x         Spirit   .   (helmet currently unavailable)
rElec    .         Reflect  .   (cloak currently unavailable)
rCorr    .         Harm     .   (gloves currently unavailable)
MR       .....                  (boots currently unavailable)
Stlth    ++........             b - amulet of regeneration
HPRegen  0.63/turn              t - ring of protection from fire
MPRegen  0.15/turn              H - +4 ring of intelligence

@: spider-form, very slow
A: tiny, (breathe lightning), unfitting armour, AC +7
a: End Transformation, Bend Time, Temporal Distortion, Slouch, Step From Time,
Renounce Religion


You were on level 1 of the Lair of Beasts.
You worshipped Cheibriados.
Cheibriados was extremely pleased with you.
You were not hungry.
You were a venomous arachnid creature.
You visited 2 branches of the dungeon, and saw 11 of its levels.

You collected 756 gold pieces.

Inventory:

Missiles
 a - 177 arrows
 G - a throwing net (quivered)
Armour
 f - a +0 pair of gloves (melded)
 q - a +2 pair of boots (melded)
 O - the -2 hat of the Alchemist (melded) {rElec rPois rF+ rC+ rN+ MR+ rMut rCorr}
   (You found it on level 7 of the Dungeon)

   It protects you from fire.
   It protects you from cold.
   It insulates you from electricity.
   It protects you from poison.
   It protects you from negative energy.
   It affects your resistance to hostile enchantments.
   It provides partial protection from all sources of acid and corrosion.
   It protects you from mutation.
 R - a +0 cloak (melded)
Magical Staves
 K - an uncursed staff of energy (melded)
 L - an uncursed staff of air
Jewellery
 b - an amulet of regeneration (around neck)
 t - a ring of protection from fire (left front leg)
 z - an uncursed amulet of the acrobat
 D - an uncursed ring of protection from fire
 H - a +4 ring of intelligence (right front leg)
Wands
 u - a wand of acid (9)
 F - a wand of polymorph (6)
 P - a wand of flame (10)
 T - a wand of disintegration (42)
Scrolls
 d - a scroll of random uselessness {unknown}
 g - 6 scrolls of remove curse {unknown}
 h - a scroll of blinking
 i - a scroll of enchant armour {unknown}
 k - 3 scrolls of noise {unknown}
 l - 2 scrolls of fear {unknown}
 p - 7 scrolls of teleportation {unknown}
 x - 2 scrolls of magic mapping
 y - 3 scrolls of enchant weapon {unknown}
 C - a scroll of acquirement {unknown}
 E - 6 scrolls of amnesia {unknown}
 M - 2 scrolls of summoning {unknown}
 N - a scroll of identify
 U - 2 scrolls of fog {unknown}
Potions
 e - 2 potions of invisibility
 j - 2 potions of heal wounds
 m - 4 potions of curing
 n - a potion of ambrosia
 o - a potion of brilliance
 r - 3 potions of agility
 v - a potion of berserk rage
 w - a potion of magic
 A - 2 potions of haste
 B - 2 potions of lignification
 I - 2 potions of cancellation
 S - 2 potions of might
Miscellaneous
 s - a fan of gales
 J - a phial of floods
 Q - 2 phantom mirrors
Comestibles
 c - 11 rations
 V - 3 chunks of flesh


   Skills:
 + Level 2.6 Fighting
 - Level 6.1 Dodging
 - Level 11.8 Unarmed Combat
 - Level 4.2 Spellcasting
 - Level 9.1 Transmutations
 - Level 9.0 Invocations
 - Level 0.4 Evocations


You had 2 spell levels left.
You knew the following spells:

 Your Spells              Type           Power        Failure   Level  Hunger
a - Beastly Appendage     Tmut           ######       1%          1    None
b - Sticks to Snakes      Tmut           ######..     2%          2    None
c - Spider Form           Tmut/Pois      #####.....   10%         3    #......
d - Blade Hands           Tmut           ######....   12%         5    #####..
e - Lee's Rapid Deconstr  Erth           #.........   94%         5    #####..

Your spell library contained the following spells:

 Spells                   Type           Power        Failure   Level  Hunger
 Passwall                 Tmut/Erth      #####...     6%          2    None
 Sandblast                Erth           #.....       16%         1    None
 Shock                    Conj/Air       #...         16%         1    None
 Swiftness                Chrm/Air       #.......     22%         2    None
 Ice Form                 Ice/Tmut       #####...     22%         4    ###....
 Petrify                  Tmut/Erth      #####...     22%         4    ###....
 Static Discharge         Conj/Air       #.......     36%         3    #......
 Stone Arrow              Conj/Erth      #.....       36%         3    #......
 Airstrike                Air            #.........   71%         4    ###....
 Lightning Bolt           Conj/Air       #.........   94%         5    #####..


Dungeon Overview and Level Annotations

Branches:
Dungeon (10/15)            Temple (0/1) D:5            Lair (1/6) D:10
    Orc: D:9-12

Altars:
Cheibriados
Dithmenos
Elyvilon
Makhleb
Okawaru
Qazlal
Wu Jian
Xom
Yredelemnul
Zin
The Shining One

Shops:
D:4 *   D:8 ==


Innate Abilities, Weirdness & Mutations

((You can breathe wild blasts of lightning.))
((Your glossy black scales are hard. (AC +7)))
You cannot fit into any form of body armour.
((You are resistant to electric shocks. (rElec)))
((You are cold-blooded and may be slowed by cold attacks.))


Message History

The seven-headed hydra bites you.
The seven-headed hydra barely misses you. x2
The seven-headed hydra closely misses you.
The seven-headed hydra completely misses you.
A hippogriff comes into view.
You hit the seven-headed hydra.
The seven-headed hydra is almost dead.
The seven-headed hydra completely misses you.
The seven-headed hydra bites you! The seven-headed hydra bites you.
The seven-headed hydra bites you!
* * * LOW HITPOINT WARNING * * *
The seven-headed hydra bites you.
* * * LOW HITPOINT WARNING * * *
The seven-headed hydra misses you.
The seven-headed hydra completely misses you.
You hit the seven-headed hydra.
The seven-headed hydra is almost dead.
The seven-headed hydra completely misses you. x2
The seven-headed hydra bites you!!
You die...

# # #### ###
.#.########.###### #######
.................# .......
#...........[....#### .....S.
##...............Dt.##.......
##..............s##.........D
##...............#.##.....S..
##........†......######.##...
####.#..###.#.### ## .
#..#### ##### ## #.## ### ##
.###+####.######.#
.#...............# #........
.#...............+ ...t...


You could see a seven-headed hydra and a crocodile.

Vanquished Creatures
  Erolcha (D:9)
  A two-headed ogre (D:7)
  A deep elf mage (D:7)
  Maurice (D:8)
  A spiny frog (Lair:1)
  3 trolls
  Prince Ribbit (D:6)
  A hornet (D:10)
  A slime creature (D:7)
  2 hippogriffs
  Sigmund (D:4)
  5 yaks (Lair:1)
  A wyvern (D:10)
  2 basilisks (Lair:1)
  Grum (D:8)
  2 steam dragons
  2 water moccasins (Lair:1)
  4 porcupines (Lair:1)
  7 orc warriors
  2 black bears
  A sky beast (D:7)
  2 ice beasts
  A necrophage (D:9)
  3 centaurs
  6 ogres
  2 wolves (D:8)
  2 crocodiles (Lair:1)
  Blork the orc (D:6)
  10 bullfrogs
  A wyvern zombie (D:10)
  A wyvern skeleton (D:10)
  6 killer bees (D:10)
  A scorpion (D:7)
  4 howler monkeys
  A wight (D:7)
  2 centaur zombies
  4 crimson imps
  9 hounds
  A gnoll shaman (D:8)
  6 orc priests
  10 orc wizards
  Terence (D:3)
  Jessica (D:2)
  3 iguanas
  Natasha (D:3)
  7 worker ants
  A killer bee zombie (D:10)
  A hound zombie (D:7)
  A hound skeleton (D:10)
  A worker ant zombie (D:7)
  9 gnolls
  6 adders
  A shadow imp (D:8)
  4 oozes
  6 worms
  2 dart slugs
  5 leopard geckos
  34 orcs
  7 giant cockroaches
  7 goblins
  9 hobgoblins
  13 jackals
  7 quokkas
  A ball python (D:1)
  8 bats
  7 frilled lizards
  13 kobolds
  A leopard gecko zombie (D:5)
  A quokka skeleton (D:7)
  10 rats
  A plant (D:10)
283 creatures vanquished.

Vanquished Creatures (collateral kills)
  A hydra (Lair:1)
  A spiny frog (Lair:1)
  A crimson imp (D:7)
  A hound (D:8)
  A bullfrog zombie (D:9)
  2 orc priests (D:9)
  An orc wizard (D:9)
  An adder (D:4)
  A gnoll (D:8)
  An orc (D:7)
  A jackal (D:8)
12 creatures vanquished.

Vanquished Creatures (others)
  A plant (Lair:1)
1 creature vanquished.

Grand Total: 296 creatures vanquished

Notes
Turn   | Place    | Note
-------+----------+-------------------------------------------
     0 | D:1      | HAL9000 the Draconian Transmuter began the quest for the
                  | Orb.
     0 | D:1      | Reached XP level 1. HP: 16/16 MP: 3/3
   351 | D:1      | Reached XP level 2. HP: 23/23 MP: 5/5
   734 | D:1      | Learned a level 2 spell: Sticks to Snakes
   977 | D:1      | Reached skill level 4 in Unarmed Combat
  1015 | D:1      | Reached XP level 3. HP: 24/28 MP: 4/6
  1027 | D:1      | Learned a level 3 spell: Spider Form
  1516 | D:2      | Reached XP level 4. HP: 28/35 MP: 3/7
  1634 | D:2      | Found a white marble altar of Elyvilon.
  1636 | D:2      | Found a glowing silver altar of Zin.
  1638 | D:2      | Found a shimmering altar of Xom.
  1772 | D:2      | Reached skill level 5 in Unarmed Combat
  1858 | D:2      | Noticed Jessica
  1864 | D:2      | Killed Jessica
  1864 | D:2      | Reached XP level 5. HP: 36/40 MP: 1/8
  1973 | D:2      | Found a stormy altar of Qazlal.
  1974 | D:2      | Found a snail-covered altar of Cheibriados.
  1974 | D:2      | Found an iron altar of Okawaru.
  2055 | D:2      | Found a glowing golden altar of the Shining One.
  2130 | D:2      | Became a worshipper of Cheibriados the Contemplative
  2721 | D:3      | Reached skill level 6 in Unarmed Combat
  2725 | D:3      | Reached * piety under Cheibriados
  2743 | D:3      | Reached XP level 6. HP: 40/47 MP: 9/9
  3039 | D:3      | Found a basalt altar of Yredelemnul.
  3053 | D:3      | Noticed Natasha
  3059 | D:3      | Killed Natasha
  3202 | D:3      | Noticed Terence
  3211 | D:3      | Killed Terence
  3304 | D:3      | Reached skill level 7 in Unarmed Combat
  3628 | D:4      | Your scales start taking on a glossy black colour.
  3628 | D:4      | Reached XP level 7. HP: 52/52 MP: 6/10
  3628 | D:4      | Gained mutation: You are resistant to electric shocks.
                  | (rElec) [Black Draconian growth]
  3658 | D:4      | Found a shadowy altar of Dithmenos.
  3680 | D:4      | Found Wuets's Assorted Antiques.
  4088 | D:4      | Noticed Sigmund
  4094 | D:4      | Reached ** piety under Cheibriados
  4098 | D:4      | Killed Sigmund
  4098 | D:4      | Reached skill level 8 in Unarmed Combat
  4183 | D:5      | Entered Level 5 of the Dungeon
  4196 | D:5      | Found a staircase to the Ecumenical Temple.
  4360 | D:5      | Reached XP level 8. HP: 38/59 MP: 11/11
  4549 | D:5      | Reached skill level 9 in Unarmed Combat
  4551 | D:5      | Reached skill level 5 in Transmutations
  5847 | D:6      | Noticed Blork the orc
  5854 | D:6      | Killed Blork the orc
  5884 | D:6      | Reached skill level 10 in Unarmed Combat
  5902 | D:6      | Learned a level 5 spell: Blade Hands
  5993 | D:6      | Noticed Prince Ribbit
  6001 | D:6      | Killed Prince Ribbit
  6218 | D:6      | Found an ornate altar of the Wu Jian Council.
  6301 | D:6      | Reached XP level 9. HP: 61/64 MP: 12/12
  6331 | D:6      | Reached *** piety under Cheibriados
  6776 | D:7      | Reached skill level 11 in Unarmed Combat
  7398 | D:7      | Found a burning altar of Makhleb.
  7505 | D:7      | Reached **** piety under Cheibriados
  7597 | D:7      | Reached skill level 1 in Invocations
  7716 | D:7      | Noticed a deep elf mage
  7729 | D:7      | Killed a deep elf mage
  7853 | D:7      | Noticed a two-headed ogre
  7861 | D:7      | Killed a two-headed ogre
  7861 | D:7      | Reached XP level 10. HP: 56/71 MP: 13/13
  8064 | D:7      | Found the -2 hat of the Alchemist {rElec rPois rF+ rC+ rN+
                  | MR+ rMut rCorr}
  8336 | D:8      | Noticed Maurice
  8346 | D:8      | Killed Maurice
  8346 | D:8      | Reached skill level 5 in Invocations
  8432 | D:8      | Found Ukoypo's Jewellery Boutique.
  8608 | D:8      | Noticed Grum
  8614 | D:8      | Killed Grum
  8751 | D:8      | Found Plog's Jewellery Emporium.
  9494 | D:9      | Noticed Erolcha
  9504 | D:9      | Killed Erolcha
  9504 | D:9      | Reached ***** piety under Cheibriados
 10126 | D:10     | Entered Level 10 of the Dungeon
 10185 | D:10     | Reached XP level 11. HP: 48/77 MP: 1/17
 10622 | D:10     | Found a staircase to the Lair.
 10832 | Lair:1   | Entered Level 1 of the Lair of Beasts
 10967 | Lair:1   | Noticed a seven-headed hydra
 11008 | Lair:1   | Noticed a four-headed hydra
 11020 | Lair:1   | Killed a four-headed hydra
 11103 | Lair:1   | Reached skill level 5 in Dodging
 11159 | Lair:1   | Got a jewelled falchion
 11221 | Lair:1   | Learned a level 5 spell: Lee's Rapid Deconstruction
 11343 | Lair:1   | Mangled by a seven-headed hydra

Levels and vault maps discovered:
D:1:      dpeg_arrival_oval, layout_basic, chequers_serial_rivers_marsh,
          minmay_distorted
D:2:      layout_loops_ring, tso_altar, grunt_temple_overflow_open, uniq_jessica
D:3:      layout_rooms, yredelemnul_altar_generic, uniq_terence, uniq_natasha
D:4:      layout_rooms, serial_shops, shop_coins, first_ration,
          grunt_dithmenos_smoke_and_mirrors, uniq_sigmund
D:5:      wander_river, layout_basic, minmay_temple_entry_junction_2
D:6:      layout_loops_ring, basic_altar, uniq_blork_the_orc,
          uniq_prince_ribbit1
D:7:      layout_cave_pools, lemuel_crystal_altar, marbit_many_paths,
          minmay_the_grid_2x2 [minmay_the_grid_diamond_grid,
          minmay_the_grid_empty, minmay_the_grid_minigrid_medium,
          minmay_the_grid_prize_trominoes]
D:8:      layout_cave_pools, serial_gnoll_camp, grums_kennel,
          gnoll_camp_mini_doghouse, gnoll_camp_mini_shop, gnoll_camp_mini_hut,
          gnoll_camp_mini_loothouse, serial_shops, shop, uniq_maurice
D:9:      layout_basic, uniq_erolcha
D:10:     layout_cross, dpeg_oklobed_lair
Lair:1:   layout_roguey, grunt_megastairs_1

Skill      XL: |  1  2  3  4  5  6  7  8  9 10 11 |
---------------+----------------------------------+-----
Unarmed Combat | 4 5 6 7 8 10 11 | 11.8
Transmutations | 3 4 6 8 9 |  9.1
Invocations    | 4 9 |  9.0
Spellcasting   | 3 4 |  4.2
Dodging        | 2 6 |  6.1
Fighting       | 2 |  2.6
Evocations     | |  0.4

Action                   |  1- 3 |  4- 6 |  7- 9 | 10-12 || total
-------------------------+-------+-------+-------+-------++-------
Melee: Unarmed           |   115 |   212 |   247 |   194 ||   768
       Kick              |    11 |     1 |       |       ||    12
       Tailslap          |     7 |    19 |    22 |    37 ||    85
       Headbutt          |     3 |    18 |     1 |       ||    22
       Punch             |     1 |     4 |     8 |     6 ||    19
       Staff             |       |       |       |     6 ||     6
 Cast: Beastly Appendage |    18 |    13 |     2 |       ||    33
       Spider Form       |     1 |     9 |    21 |     1 ||    32
       Sticks to Snakes  |       |       |     7 |    23 ||    30
       Blade Hands       |       |       |     2 |    37 ||    39
Invok: Slouch            |       |       |       |     2 ||     2
 Abil: End Transformatio |       |     2 |    21 |    19 ||    42
       Breathe Lightning |       |       |     5 |     1 ||     6
Evoke: Staff of energy   |       |       |       |     2 ||     2
  Use: Potion            |       |     2 |       |       ||     2
       Scroll            |       |       |     9 |     7 ||    16
 Stab: Sleeping          |     2 |       |     1 |       ||     3
       Invisible         |       |     2 |       |       ||     2
       Distracted        |       |       |     2 |     3 ||     5
  Eat: Chunk             |     3 |    15 |     3 |     7 ||    28
Armor: Skin              |    51 |    54 |    42 |    36 ||   183
Dodge: Dodged            |    91 |   172 |   196 |   177 ||   636

Table legend:
 A = Non-vault XP
 B = Vault XP
 C = Vault XP percentage of total XP
 D = Non-vault monster count
 E = Vault monster count
 F = Vault count percentage of total count
                 A         B        C        D         E       F
            +---------+---------+-------+---------+---------+-------
      Total |   10531 |    6318 |  37.5 |     243 |      51 |  17.3
            +---------+---------+-------+---------+---------+-------
        D:1 |      58 |       3 |   4.9 |      31 |       3 |   8.8
        D:2 |     199 |      37 |  15.7 |      33 |       1 |   2.9
        D:3 |     230 |      73 |  24.1 |      31 |       2 |   6.1
        D:4 |     382 |     176 |  31.5 |      15 |       1 |   6.2
        D:5 |     608 |       0 |   0.0 |      14 |       0 |   0.0
        D:6 |     936 |     373 |  28.5 |      21 |       2 |   8.7
        D:7 |    1288 |    2292 |  64.0 |      28 |      13 |  31.7
        D:8 |     452 |    1219 |  73.0 |      11 |      22 |  66.7
        D:9 |     930 |     961 |  50.8 |      13 |       1 |   7.1
       D:10 |    2402 |       0 |   0.0 |      31 |       0 |   0.0
     Lair:1 |    3046 |    1184 |  28.0 |      15 |       6 |  28.6
            +---------+---------+-------+---------+---------+-------
